Cogmind - Beta 16 @@@ ROGUE MODE // 2025.11.13 @ 00:05:41 Player: ktur Result: Escaped! Performance ------------- Evolutions (9) 4500 Regions Visited (23) 4600 Robots Destroyed (401) 2005 Value Destroyed (21161) 21161 Prototype IDs (37) 740 Alien Tech Used (0) 0 Bonus (14310) 14310 TOTAL SCORE: 47316 Bonus ------- High Alert Combat Kills 2264 Follower Combat Kills 3431 Entered Garrisons 1600 Used RIF Installer 4000 Network Hubs Disabled 400 Win 3000 Friendly Fire -385 Cogmind --------- Core Integrity 1287/1600 Matter 2/300 Energy 161/170 System Corruption 21% Temperature Cool (5) Movement Walking (183) Ox1 Location To Epsilon Eridani Parts ------- > --- POWER (2) -------- Light Antimatter Reactor > --- PROPULSION (6) --- Thunder Leg Centrium Leg Centrium Leg > --- UTILITY (13) ----- Huge Storage Unit Active Sensor Suite Experimental Core Analyzer Graphene Brace Relay Coupler [Swarmer] (33) Relay Coupler [Grunt] (49) Relay Coupler [Grunt] (22) Relay Coupler [Brawler] (18) Relay Coupler [Duelist] (4) Relay Coupler [Heavy] (1) Relay Coupler [Behemoth] (2) > --- WEAPON (4) ------- Enhanced Hardcell Cannon Enhanced Hardcell Cannon Advanced Remote Datajack Plasma Lance > --- INVENTORY (25) --- Reinforced Quantum Reactor Thunder Leg Combat Linear Gravjet Advanced Coolant Injector Energy Well (350) Matter Compressor (0) Matter Filter Experimental EM Shield Experimental Shield Generator Experimental Shield Generator Improved Point Defense System Improved Hacking Suite Relay Coupler [NC] (43) Relay Coupler [Swarmer] (31) Gamma Bomb Array Peak State ------------ > --- POWER ------------ Light Quantum Reactor Light Quantum Reactor > --- PROPULSION ------- Thunder Leg Centrium Leg Centrium Leg Centrium Leg Heavy Shield Leg > --- UTILITY ---------- Huge Storage Unit Active Sensor Suite Experimental Core Analyzer Graphene Brace Experimental EM Shield Relay Coupler [Swarmer] Relay Coupler [Grunt] Relay Coupler [Grunt] Relay Coupler [Brawler] Relay Coupler [Duelist] Relay Coupler [Heavy] > --- WEAPON ----------- Enhanced Hardcell Cannon Enhanced Hardcell Cannon Enhanced Hardcell Cannon Advanced Remote Datajack > --- INVENTORY -------- Light Antimatter Reactor Reinforced Quantum Reactor Thunder Leg Combat Linear Gravjet Advanced Coolant Injector Energy Well Matter Compressor Matter Filter Experimental Shield Generator Experimental Shield Generator Improved Point Defense System Improved Hacking Suite Relay Coupler [NC] Relay Coupler [Swarmer] Relay Coupler [Behemoth] Gamma Bomb Array Advanced Remote Datajack Plasma Lance [Rating: 191] Favorites ----------- Power Light Quantum Reactor Engine Improved Deuterium Engine Power Core Reinforced Fission Core Reactor Light Quantum Reactor Propulsion Light Treads Treads Light Treads Leg Heavy Shield Leg Wheel Compact Wheel Hover Unit Combat Linear Gravjet Flight Unit Flightbrick Utility Relay Coupler [Grunt] Device Microactuators Storage High-capacity Storage Unit Processor Enhanced Optical Array Hackware Relay Coupler [Grunt] Protection Hardened Medium Armor Plating Weapon Enhanced Autogun Energy Gun Enhanced Quantum Rifle Energy Cannon Enhanced Nova Cannon Ballistic Gun Enhanced Autogun Ballistic Cannon Enhanced Hardcell Cannon Launcher Gamma Bomb Array Special Weapon Advanced Remote Datajack Impact Weapon Hammer Slashing Weapon Great Axe Piercing Weapon Plasma Lance Build | -11 -10 -10 -8 -8 -8 -8 -7 -7 -6 -6 -5 -5 -5 -5 -5 -5 -4 -4 -3 -3 -2 -2 -1 ------- Run | Yrd Mat Sub Mat Gar Mat Gar Fac Gar Fac Gar Fac Ext Cet Arc Hub Gar Fac Gar Res Gar Res Gar Acc Slots Evolved 18 | . . . 4 . . . 2 . 2 . 2 . . . . . 2 . 2 . 2 . 2 Power 1 | . . . . . . . 1 . . . . . . . . . . . . . . . . Propulsion 4 | . . . 1 . . . . . . . 1 . . . . . 1 . . . 1 . . Utility 11 | . . . 2 . . . 1 . 2 . 1 . . . . . 1 . 2 . 1 . 1 Weapon 2 | . . . 1 . . . . . . . . . . . . . . . . . . . 1 Parts Attached 304 | 6 9 14 18 13 15 3 4 12 5 17 11 4 1 . 1 3 5 30 21 30 24 23 35 Power 41 | . 2 2 3 1 1 1 2 3 1 1 4 . . . . . . 4 2 5 3 2 4 Engine 10 | . 2 2 2 1 . . 2 . . 1 . . . . . . . . . . . . . Core 14 | . . . 1 . 1 1 . 3 1 . 4 . . . . . . 2 . 1 . . . Reactor 17 | . . . . . . . . . . . . . . . . . . 2 2 4 3 2 4 Propulsion 65 | 2 3 2 4 6 1 . . . . 5 1 . . . . . 2 13 4 4 3 5 10 Treads 28 | 2 2 2 4 3 . . . . . 5 . . . . . . . 2 2 4 2 . . Leg 24 | . . . . 3 1 . . . . . . . . . . . . 3 1 . 1 5 10 Wheel 1 | . 1 . . . . . . . . . . . . . . . . . . . . . . Hover 5 | . . . . . . . . . . . . . . . . . . 4 1 . . . . Flight 7 | . . . . . . . . . . . 1 . . . . . 2 4 . . . . . Utility 126 | 2 1 3 5 2 8 2 1 7 3 8 5 3 1 . . 3 3 8 12 14 10 12 13 Device 44 | 1 1 1 . 1 3 1 1 4 2 . 3 . . . . . 2 2 3 5 4 3 7 Storage 8 | 1 . 1 1 . . . . . . . . . . . . . . . 3 1 1 . . Processor 5 | . . . 1 . . . . . 1 . . . . . . . . . 2 . . 1 . Hackware 44 | . . . . 1 . . . 1 . 5 2 2 . . . 3 1 5 . 7 4 7 6 Protection 25 | . . 1 3 . 5 1 . 2 . 3 . 1 1 . . . . 1 4 1 1 1 . Artifact . | . . . . . . . . . . . . . . . . . . . . . . . . Weapon 72 | 2 3 7 6 4 5 . 1 2 1 3 1 1 . . 1 . . 5 3 7 8 4 8 Energy Gun 13 | 1 . . . . . . . . . . . . . . . . . . 1 4 6 . 1 Energy Cannon 2 | . . . . . . . . . . . . . . . . . . 2 . . . . . Ballistic Gun 25 | 1 2 6 4 1 5 . 1 1 1 . . . . . . . . 1 . 1 1 . . Ballistic Cannon 12 | . 1 . . . . . . . . 1 . . . . . . . 2 1 . 1 3 3 Launcher 5 | . . . 1 1 . . . 1 . . . 1 . . . . . . . . . . 1 Special Weapon 7 | . . . . . . . . . . 1 . . . . 1 . . . . 1 . 1 3 Impact Weapon 2 | . . 1 . . . . . . . . . . . . . . . . 1 . . . . Slashing Weapon 4 | . . . 1 2 . . . . . 1 . . . . . . . . . . . . . Piercing Weapon 2 | . . . . . . . . . . . 1 . . . . . . . . 1 . . . Special Melee Weapon . | . . . . . . . . . . . . . . . . . . . . . . . . Unidentified Prototypes 15 | . . . 2 . 1 . . . 2 . . . 1 . . . 1 . 1 1 2 1 3 Corrupted Parts 1 | . . . . . . . . . . . . . . . . . . . . . . . 1 System Corruption 2 | . . . . . . . . . . . . . . . . . . . . . . . 2 Parts Lost 109 | . 2 6 2 1 3 . . 5 1 12 . 1 1 . 4 . . 27 . 15 7 3 19 Power 13 | . . 2 1 . . . . . . 1 . . . . . . . 3 . 3 . . 3 Propulsion 32 | . 1 2 . . . . . 2 . 5 . . . . . . . 10 . 3 2 1 6 Utility 44 | . 1 1 . 1 1 . . 3 . 4 . 1 1 . 4 . . 12 . 6 2 2 5 Weapon 20 | . . 1 1 . 2 . . . 1 2 . . . . . . . 2 . 3 3 . 5 Highest Loss Streak 19 | . 2 4 1 1 1 . . 2 1 5 . 1 1 . 4 . . 19 . 6 2 2 5 To Critical Strikes 3 | . . . . . . . . . . . . . . . . . . . . 2 1 . . Average Backups 15 | 3 7 8 14 15 16 16 16 16 16 16 5 4 4 4 3 3 3 3 11 22 24 24 22 Power . | 1 1 . 1 1 1 1 . 1 2 1 . . . 1 1 1 . . . 1 . . 1 Propulsion 2 | 1 1 1 4 3 1 1 1 1 2 2 . . . . . . 1 1 3 4 2 3 2 Utility 7 | . 1 3 5 6 10 11 10 9 8 10 3 2 1 1 1 1 1 . 1 4 11 13 13 Weapon 3 | . 3 3 4 4 3 3 4 4 3 1 1 1 1 1 . . 1 1 4 8 7 4 3 Tool/Special . | . . . . . . . . . . . . . . . . . . . . . . . . Unused Backups 59 | 1 6 1 6 1 2 1 2 . . 1 2 . . . . . . 2 1 7 2 9 15 Power 1 | . . . . . . . . . . . . . . . . . . . . . . . 1 Propulsion 17 | 1 1 . 2 1 . . . . . . . . . . . . . 2 . 3 . 1 6 Utility 21 | . . . 2 . 2 1 1 . . 1 2 . . . . . . . . . . 4 8 Weapon 19 | . 5 1 2 . . . 1 . . . . . . . . . . . 1 3 2 4 . Tool/Special 1 | . . . . . . . . . . . . . . . . . . . . 1 . . . Average Slot Usage (%) 85 | . 93 98 96 86 82 84 86 85 86 92 71 74 72 70 67 66 65 66 69 77 82 91 84 Engine 3 | . 13 13 5 2 1 . 7 8 6 5 2 . . . . . . . . . . . . Core 2 | . . . 3 5 5 7 5 4 6 5 4 10 7 5 5 5 4 3 . 1 1 . . Reactor 2 | . . . . . . . . . . . . . . . . . . 3 4 6 6 8 7 Treads 9 | . 27 27 25 10 . . . . . 13 . . . . . . . 3 7 10 12 3 . Leg 7 | . . . . 13 25 28 25 18 12 2 . . . . . . . . 2 1 1 16 14 Device 7 | . 9 5 . 2 8 7 11 12 12 5 14 15 15 15 14 10 9 6 8 14 10 4 8 Storage 6 | . 14 14 9 7 7 7 6 6 6 6 . . . . . . . . 10 6 4 4 4 Processor 2 | . . . 5 . . . . . 5 6 5 5 5 5 5 5 4 . 4 3 . 1 4 Hackware 14 | . . . . 7 2 . . 4 6 18 24 24 25 25 23 28 27 26 . 15 32 39 30 Protection 7 | . . 7 19 13 10 13 12 8 11 7 10 10 9 10 9 4 3 3 13 2 1 . 1 Energy Gun 1 | . 6 . . . . . . . . . . . . . . . . . 1 10 3 . . Ballistic Gun 9 | . 19 18 24 18 20 20 17 19 17 10 . . . . . . . . . . 3 1 . Ballistic Cannon 1 | . 1 . . . . . . . . 3 . . . . . . . 1 6 . . 2 6 Impact Weapon 1 | . . 9 . . . . . . . . . . . . . . . . 2 . . . . Piercing Weapon 1 | . . . . . . . . . . . . 4 5 5 5 5 4 3 . . 2 3 3 Peak Build Rating 191 | 6 10 19 35 63 67 67 76 81 91 92 95 109 104 98 108 103 113 131 140 150 151 159 191 Average Rating 85 | 3 7 12 30 50 61 64 74 76 88 71 86 95 97 98 96 95 101 85 104 127 135 143 168 On Entrance 74 | . 6 10 19 33 61 65 67 76 81 90 57 95 98 98 98 86 98 113 5 135 111 130 153 Avg Prop Armor Cover (%) 4 | . 13 . . 4 2 3 2 . . . . . . . . . . 6 3 8 4 7 2 Naked Turns . | . . . . . . . . . . . . . . . . . . . . . . . . Heaviest Build 167 | 9 17 57 76 76 77 74 90 93 101 104 24 33 23 23 23 28 24 90 153 161 167 157 164 Greatest Support 190 | 40 40 40 60 83 83 81 98 98 66 90 24 24 24 24 24 24 31 155 150 173 190 165 180 Greatest Overweight (x) 26 | . . 1 1 1 . . 1 1 1 26 . 1 . . . 1 . 2 1 1 1 4 1 Average Overweight (x) . | . . . . . . . . . 1 1 . . . . . . . . . . . . . Largest Inventory Capacity 25 | 8 8 20 20 20 20 20 20 20 20 20 20 5 5 5 5 5 5 5 25 25 25 25 25 Average Capacity 18 | 7 8 10 20 20 20 20 20 20 20 20 5 5 5 5 5 5 5 5 22 25 25 25 25 Most Carried 25 | 8 8 18 20 20 20 20 20 20 20 20 18 5 5 5 5 5 5 5 22 25 25 25 25 Average Carried 17 | 3 7 9 19 19 19 19 19 19 19 19 5 4 4 5 4 4 4 4 11 23 24 24 23 Final Capacity 25 | 8 8 20 20 20 20 20 20 20 20 20 5 5 5 5 5 5 5 5 25 25 25 25 25 Final Carried 25 | 6 8 18 20 19 19 20 20 20 20 18 5 5 5 5 5 4 5 5 22 25 23 25 15 Class Distribution -------------------- 24% | Mutant 18% | Botlord-Mutant 18% | Tank 12% | Bothacker-Mutant 7% | Scavenger-Tank 6% | Botlord-Tank 5% | Scavenger-Mutant Dominant Class ---------------- Mutant | -10/Materials Mutant | -10/Subcaves Scavenger-Tank | -8/Materials Mutant | -8/Garrison Tank | -8/Materials Tank | -8/Garrison Tank | -7/Factory Tank | -7/Garrison Tank | -6/Factory Bothacker-Mutant | -6/Garrison Bothacker-Mutant | -5/Factory Bothacker-Mutant | -5/Extension Bothacker-Mutant | -5/Cetus Bothacker-Mutant | -5/Archives Bothacker-Mutant | -5/Hub_04(d) Bothacker-Mutant | -5/Garrison Bothacker-Mutant | -4/Factory Bothacker-Mutant | -4/Garrison Mutant | -3/Research Botlord-Tank | -3/Garrison Botlord-Mutant | -2/Research Botlord-Mutant | -2/Garrison Botlord-Mutant | -1/Access Resources | -11 -10 -10 -8 -8 -8 -8 -7 -7 -6 -6 -5 -5 -5 -5 -5 -5 -4 -4 -3 -3 -2 -2 -1 ----------- Run | Yrd Mat Sub Mat Gar Mat Gar Fac Gar Fac Gar Fac Ext Cet Arc Hub Gar Fac Gar Res Gar Res Gar Acc Matter Collected 13940 | 266 195 629 444 767 721 341 436 861 375 1500 172 458 13 7 79 68 60 782 685 500 897 944 2740 Remotely . | . . . . . . . . . . . . . . . . . . . . . . . . Salvage Created 18480 | 16 276 306 563 831 1009 341 359 1006 611 1502 889 1432 132 92 328 300 51 984 803 1490 1446 911 2802 Parts 947 | 4 24 25 32 64 56 25 23 47 25 71 32 59 5 4 17 19 6 50 34 54 72 36 163 Haulers Intercepted 16 | . 1 . 1 . 2 . 2 . 1 . 4 . . . . . . . 1 . 1 . 3 Recyclers Shooed 13 | . 1 . 2 . 1 . . . 1 . 1 . . . . . . . 1 . 2 . 4 Parts Field Recycled . | . . . . . . . . . . . . . . . . . . . . . . . . Retrieved Matter . | . . . . . . . . . . . . . . . . . . . . . . . . Parts Self-Destructed 8 | . . 8 . . . . . . . . . . . . . . . . . . . . . Prevented . | . . . . . . . . . . . . . . . . . . . . . . . . Parts Restored . | . . . . . . . . . . . . . . . . . . . . . . . . Kills | -11 -10 -10 -8 -8 -8 -8 -7 -7 -6 -6 -5 -5 -5 -5 -5 -5 -4 -4 -3 -3 -2 -2 -1 ------- Run | Yrd Mat Sub Mat Gar Mat Gar Fac Gar Fac Gar Fac Ext Cet Arc Hub Gar Fac Gar Res Gar Res Gar Acc Combat Hostiles Destroyed 324 | . 11 10 10 27 19 9 3 25 5 30 6 25 2 1 5 15 . 20 12 24 16 14 35 Melee 47 | . . . . 1 . . . . 1 1 6 10 2 1 2 1 . 13 3 . 1 5 . Guns 163 | . 11 10 10 25 19 9 3 21 4 17 . . . . . . . 1 2 17 10 4 . Cannons 48 | . . . . . . . . . . 7 . . . . . . . 6 5 . 2 5 23 AOE 45 | . . . . . . . . 4 . 5 . 15 . . 3 14 . . . . . . 4 Classes Destroyed 21 | 1 3 1 2 2 3 1 2 . . 2 . 1 . . . . . . . . . 1 2 Worker 13 | . . . . . 2 . . . . . 3 1 . . . . 2 . . . 1 . 4 Builder 23 | . . . . . . . 1 . . . . 3 . . 3 . 1 . 2 . 2 . 11 Tunneler 2 | 1 . . . . . . . . . . . 1 . . . . . . . . . . . Hauler 16 | . 1 . 1 . 2 . 2 . 1 . 4 . . . . . . . 1 . 1 . 3 Recycler 10 | . . . . . 1 . 1 . 2 . 2 1 . . . . . . 2 . . . 1 Operator 6 | . . . 1 . 2 . . . . . 1 . . . . . . . . . 1 1 . Watcher 1 | . . . . . . 1 . . . . . . . . . . . . . . . . . Swarmer 104 | . 9 . . 16 7 4 . 11 . 8 5 4 . . . 9 . 7 4 8 . 8 4 Cutter 2 | . . . . . . . . . . . . . . . . . . . . . . . 2 Saboteur 1 | . . . . . . . . . . . . 1 . . . . . . . . . . . Grunt 92 | . 2 . 5 1 8 3 . 11 3 14 1 16 . . 2 5 . 5 . 3 5 4 4 Brawler 5 | . . . . . . . . . . 3 . 1 . . . 1 . . . . . . . Duelist 6 | . . . . 2 . 2 . . . 1 . . . . . . . . . 1 . . . Sentry 36 | . . . 5 6 2 . 2 2 1 2 . 2 . 1 1 . . 2 1 5 2 . 2 Specialist 6 | . . . . 2 . . . . . . . 1 . . . . . 3 . . . . . Hunter 20 | . . . . . 2 . . . . 1 . 2 . . 1 . . . . 2 2 . 10 Programmer 38 | . . . . . . . 1 1 1 . . . . . 1 . . 2 7 4 8 . 13 Heavy 2 | . . . . . . . . . . . . . . . . . . . . . . . 2 Behemoth 4 | . . . . . . . . . . 1 . . . . . . . 1 . 1 . 1 . Cetus Guard 2 | . . . . . . . . . . . . . 2 . . . . . . . . . . Executioner 2 | . . . . . . . . . . . . . . . . . . . . . . 2 . Subdweller 10 | . . 10 . . . . . . . . . . . . . . . . . . . . . Best Kill Streak 12 | 1 6 3 3 8 7 4 2 6 3 9 7 9 2 1 6 12 3 7 6 4 8 4 10 Combat Bots Only 12 | . 6 3 3 8 7 4 1 6 3 9 6 7 2 1 3 12 . 7 4 4 5 4 5 Max Kills in Single Turn 6 | 1 1 1 2 3 2 2 1 2 1 3 1 4 1 1 6 3 1 1 1 1 2 1 4 Gunslinging 2 | . . . . 2 1 1 . 1 . 1 . . . . . . . . . . . . . Exploded 3 | . . . . . . . . 2 . 3 . 3 . . 3 3 . . . . . . 2 Melee 1 | . . . . 1 . . . . 1 1 1 1 1 1 1 1 . 1 1 . 1 1 . Uniques/NPCs Destroyed . | . . . . . . . . . . . . . . . . . . . . . . . . Combat | -11 -10 -10 -8 -8 -8 -8 -7 -7 -6 -6 -5 -5 -5 -5 -5 -5 -4 -4 -3 -3 -2 -2 -1 -------- Run | Yrd Mat Sub Mat Gar Mat Gar Fac Gar Fac Gar Fac Ext Cet Arc Hub Gar Fac Gar Res Gar Res Gar Acc Hostile Shots Fired 2604 | . 81 52 43 87 109 20 47 127 40 192 16 32 15 28 71 32 . 433 136 288 197 91 467 Missed 839 | . 29 8 15 21 21 6 16 42 14 57 7 11 6 14 33 16 . 171 38 73 65 21 155 Deflected 1 | . . . . . . . . . . . . . . . . . . . . . . 1 . Hits 1765 | . 52 44 28 66 88 14 31 85 26 135 9 21 9 14 38 16 . 262 98 215 132 70 312 Melee 26 | . . . . 2 . 1 . . . 6 . . . . . . . . . 15 . . 2 Projectile 1739 | . 52 44 28 64 88 13 31 85 26 129 9 21 9 14 38 16 . 262 98 200 132 70 310 AOE 1 | . . . . . . . . . . . . 1 . . . . . . . . . . . Critical Strikes 88 | . 1 . 2 2 3 1 1 2 1 5 . . 1 . 1 1 . 10 6 15 10 2 24 Actively Blocked 15 | . . . . . . . . . . . . . . . . . . . 1 1 . . 13 Part Disruptions 9 | . . . . . . . . . . . . . . . . . . 1 1 . 6 . 1 Damage Taken 29146 | . 458 977 458 799 847 169 245 935 250 2522 149 553 291 351 856 365 . 3745 1482 3182 2314 1632 6566 Core 3013 | . 68 80 26 75 91 . 17 124 40 194 34 38 . 22 94 19 . 1016 188 257 174 143 313 Absorbed by Shields 6310 | . . . . . 266 . 105 350 . . . . . . . 27 . 888 828 1876 902 355 713 Reduced by Siege Mode 491 | . . . . . . . . . . . . . . . . . . 277 . 141 . 73 . Redirected to Shielding 385 | . . . . . . . . . . . 8 47 140 . 39 . . . 90 61 . . . Ignored by Resistances 1085 | . . . . . . . 12 89 29 51 . . . . . . . . . 147 . . 757 Regen/Repaired (Parts) 245 | . . . 245 . . . . . . . . . . . . . . . . . . . . Core Remaining (%) 66 | 100 . 40 . . . 65 . 79 . 72 . . . . . 79 . 11 . 65 . 78 80 Volleys Fired 959 | 2 29 39 32 46 65 28 16 62 22 91 . 45 . . 5 23 . 34 37 81 83 52 167 Largest 3 | 2 2 2 3 3 3 3 3 3 3 3 . 1 . . 1 1 . 3 2 3 3 3 3 Hottest 298 | 60 60 60 83 72 84 78 78 85 88 105 . 46 . . 46 46 . 298 148 195 225 174 196 Shots Fired 1957 | 4 57 73 90 128 191 82 48 182 60 185 . 45 . . 5 23 . 46 61 213 148 73 243 Gun 1428 | 4 53 73 90 122 191 82 48 180 60 165 . . . . . . . 1 13 206 120 20 . Cannon 352 | . 4 . . . . . . . . 12 . . . . . . . 39 48 5 13 28 203 Launcher 49 | . . . . 6 . . . 2 . 3 . 11 . . 1 12 . . . . . . 14 Special 128 | . . . . . . . . . . 5 . 34 . . 4 11 . 6 . 2 15 25 26 Kinetic 1436 | 2 38 73 90 122 191 82 48 180 60 177 . . . . . . . 14 48 9 51 48 203 Thermal 307 | 2 19 . . . . . . . . . . . . . . . . 26 13 202 45 . . Explosive 29 | . . . . . . . . 2 . 3 . 11 . . 1 12 . . . . . . . Electromagnetic 57 | . . . . 6 . . . . . . . . . . . . . . . . 37 . 14 Robot Hit Streak 23 | 1 5 17 13 12 16 5 7 10 12 12 . 20 . . 16 23 . 11 15 23 15 17 8 Robot Miss Streak 7 | 3 6 2 3 5 4 7 4 5 4 3 . 1 . . . 2 . 2 3 7 4 2 7 Penetration Max 1 | . . . . . 1 1 . . . 1 . . . . . . . . . . 1 . . Secondary Targets 35 | . 5 2 1 6 5 1 1 5 1 3 . . . . . . . . . 4 1 . . Max Gunslinging Chain 2 | . 1 1 1 2 2 1 1 2 1 1 . . . . . . . . . 1 1 . . Shots Hit Robots 1437 | 1 34 66 65 84 117 28 26 91 41 119 31 76 12 9 17 16 4 76 64 140 95 84 141 Core Hits 659 | 1 16 27 27 37 44 16 11 47 19 69 13 57 4 3 10 23 2 30 12 38 34 32 87 Critical Kills 14 | . . 1 . . 3 . . 2 1 4 . . . . . . . . 1 . 1 1 . Critical Parts Destroyed 26 | . . . 1 . . . . . . 6 . . . . . . . . 8 7 2 2 . Critical Strikes 74 | . 1 2 1 . 3 . . 2 2 11 3 2 . 1 2 . . 7 11 8 5 3 10 Destroy 26 | . . 2 1 . 3 . . 2 1 11 . . . . . . . . . . 3 3 . Blast 13 | . 1 . . . . . . . . . . . . . . . . . 2 1 1 . 8 Smash 16 | . . . . . . . . . . . . . . . . . . . 9 7 . . . Sever 4 | . . . . . . . . . 1 . 3 . . . . . . . . . . . . Impale 15 | . . . . . . . . . . . . 2 . 1 2 . . 7 . . 1 . 2 Melee Attacks 450 | . . 34 3 29 2 1 2 5 8 9 47 50 15 17 23 11 4 54 31 23 6 48 28 Impact 88 | . . 34 . . . . . . . . . . . . . . . . 31 23 . . . Slashing 106 | . . . 3 29 2 1 2 5 8 9 47 . . . . . . . . . . . . Piercing 256 | . . . . . . . . . . . . 50 15 17 23 11 4 54 . . 6 48 28 Sneak Attacks 67 | . . . . . . . . . 2 4 11 9 . . 1 . 4 3 4 . 1 13 15 Combat Hostiles 1 | . . . . . . . . . . . . 1 . . . . . . . . . . . Follow-up Attacks . | . . . . . . . . . . . . . . . . . . . . . . . . Damage Inflicted 50309 | 25 482 1183 1119 1481 2019 554 552 2190 1051 3278 1842 4802 467 323 1354 2353 268 2866 3281 4823 3140 3116 7740 Guns 18689 | 25 399 1183 1119 1239 1905 554 505 1907 775 1972 . . . . . . . 19 310 3922 2418 437 . Cannons 9703 | . 71 . . . . . . . . 293 . . . . . . . 1295 1689 173 538 773 4871 Explosions 8369 | . . . . 113 . . . 283 . 667 . 2559 . . 752 2224 . . . . . . 1771 Melee 13285 | . . . . 129 . . . . 267 346 1842 2243 467 323 602 129 268 1547 1282 728 163 1906 1043 Ramming 263 | . 12 . . . 114 . 47 . 9 . . . . . . . . 5 . . 21 . 55 Kinetic 21809 | 14 326 1183 1119 1239 1905 554 505 1907 775 2265 . . . . . . . 580 1689 173 1494 1210 4871 Thermal 6747 | 11 144 . . . . . . . . . . 652 . . 123 . . 734 310 3922 707 . 144 Explosive 5139 | . . . . . . . . 283 . 667 . 1907 . . 58 2224 . . . . . . . Electromagnetic 3066 | . . . . 113 . . . . . . . . . . 571 . . . . . 755 . 1627 Impact 2010 | . . . . . . . . . . . . . . . . . . . 1282 728 . . . Slashing 2584 | . . . . 129 . . . . 267 346 1842 . . . . . . . . . . . . Piercing 8691 | . . . . . . . . . . . . 2243 467 323 602 129 268 1547 . . 163 1906 1043 Highest Corruption 29 | . . . . . . . . 1 . . . . . . 5 5 . 2 24 29 11 6 21 Average Corruption 10 | . . . . . . . . 1 . . . . . . 1 5 . 1 14 27 7 5 9 Corruption Purged 7 | . . . . . . . . . . . . . . . . . . . . . 7 . . Corruption Blocked . | . . . . . . . . . . . . . . . . . . . . . . . . Effects 296 | . . . . . . . . 10 . . . . . . 4 8 . 2 29 85 30 32 96 Message Errors 64 | . . . . . . . . 2 . . . . . . . 2 . . 5 17 7 3 28 Matter Fused 71 | . . . . . . . . 5 . . . . . . 1 2 . 1 8 20 9 13 12 Heat Flow Errors 40 | . . . . . . . . 2 . . . . . . 2 2 . 1 3 8 6 2 14 Energy Discharges 36 | . . . . . . . . . . . . . . . 1 2 . . 4 10 1 5 13 Parts Rejected 4 | . . . . . . . . . . . . . . . . . . . 2 1 . . 1 Parts Fused 2 | . . . . . . . . . . . . . . . . . . . 1 . 1 . . Data Loss (minor) 21 | . . . . . . . . . . . . . . . . . . . . 6 2 4 9 Data Loss (major) 8 | . . . . . . . . 1 . . . . . . . . . . 1 3 . 1 2 Misfires 12 | . . . . . . . . . . . . . . . . . . . 2 2 2 1 5 Alerts 8 | . . . . . . . . . . . . . . . . . . . 1 1 2 2 2 Misdirections 3 | . . . . . . . . . . . . . . . . . . . . 1 . . 2 Weapon Failures 27 | . . . . . . . . . . . . . . . . . . . 2 16 . 1 8 Overload Shots . | . . . . . . . . . . . . . . . . . . . . . . . . Overflow Damage 2397 | . . . . . . . 7 14 12 72 188 338 . . 85 63 52 73 766 307 1 135 284 Projectiles 302 | . . . . . . . . . . 26 . . . . . . . 29 86 . 1 . 160 Explosions 233 | . . . . . . . . 14 . 12 . 63 . . 80 63 . . . . . . 1 Melee 1862 | . . . . . . . 7 . 12 34 188 275 . . 5 . 52 44 680 307 . 135 123 Knockbacks 53 | . . . . . 1 . 1 . . 5 . . . . . . . 1 12 2 . 7 24 Impact 12 | . . . . . 1 . 1 . . . . . . . . . . . 7 2 . . 1 Kinetic 36 | . . . . . . . . . . 3 . . . . . . . 1 5 . . 5 22 Secondary 5 | . . . . . . . . . . 2 . . . . . . . . . . . 2 1 Self-Inflicted Damage 404 | . . . . . . . . 70 . 16 . . . . 103 79 . . . . . . 136 Shots 16 | . . . . . . . . 2 . 1 . . . . 1 1 . . . . . . 11 Rammed 9 | . 5 . . . . . . . . . . . . . . . . 1 . . 3 . . Targets Rammed 22 | . 5 . . . 6 . 1 . 1 . . . . . . . . 2 . . 3 . 4 Kicked 12 | . . . . . 6 . 1 . 1 . . . . . . . . . . . . . 4 Crushed 1 | . . . . . . . . . . . . . . . . . . 1 . . . . . Highest Temperature 453 | . 12 . 198 345 328 82 104 195 124 309 . 35 10 . 179 300 406 453 387 304 203 395 389 Average Temperature 86 | . 7 . 48 125 97 26 38 43 48 63 . 12 10 . 85 136 211 184 117 75 97 127 84 Received Heat Transfer 4317 | . 30 30 234 117 313 36 24 201 105 807 27 120 72 54 90 132 . 721 27 295 217 579 86 Effects 21 | . . . . 3 2 . . . . . . . . . . 3 1 7 . . . 2 3 Shutdowns 3 | . . . . . . . . . . . . . . . . . 1 . . . . 2 . Energy Bleed 4 | . . . . 2 1 . . . . . . . . . . . . . . . . . 1 Interference 9 | . . . . . 1 . . . . . . . . . . 3 . 3 . . . . 2 Matter Decay 1 | . . . . 1 . . . . . . . . . . . . . . . . . . . Damage (major) 4 | . . . . . . . . . . . . . . . . . . 4 . . . . . Siege Activations 5 | . . . . . . . . . . . . . . . . . . 1 . 2 1 1 . Total Turns 116 | . . . . . . . . . . . . . . . . . . 20 . 71 4 21 . Longest Duration 44 | . . . . . . . . . . . . . . . . . . 20 . 44 4 21 . Martial Activations . | . . . . . . . . . . . . . . . . . . . . . . . . Shielding Activations 3 | . . . . . . . . . . . . . . . . . . . . . . 1 2 Total Turns 37 | . . . . . . . . . . . . . . . . . . . . . . 17 20 Longest Duration 17 | . . . . . . . . . . . . . . . . . . . . . . 17 11 Robots Disrupted . | . . . . . . . . . . . . . . . . . . . . . . . . Combat Hostiles . | . . . . . . . . . . . . . . . . . . . . . . . . Robots Corrupted 25 | . . . . 1 . . 1 . . . . . . . . . . . 6 6 3 . 8 Combat Hostiles 20 | . . . . 1 . . . . . . . . . . . . . . 2 6 3 . 8 Parts Fried 30 | . . . . . . . 1 . . . . . . . 1 . . . 8 4 6 . 10 Impact Corruptions 28 | . . . . . . . 1 . . . . . . . . . . . 19 8 . . . Robots Melted 1 | . . . . . . . . . . . . . . . . . . . . 1 . . . Combat Hostiles 1 | . . . . . . . . . . . . . . . . . . . . 1 . . . Parts Melted 22 | . . . . . . . . . . . . 2 3 . . . . . . 10 3 . 4 Heat Transferred 7179 | 25 325 . . . . . . . . . . 450 . . 150 . . 629 333 4477 740 . 50 Parts Sabotaged 10 | . . . . . . . . . . 8 . . . . . . . . . 2 . . . Parts Stolen . | . . . . . . . . . . . . . . . . . . . . . . . . Parts Stripped . | . . . . . . . . . . . . . . . . . . . . . . . . Power Chain Reactions 3 | . . . . . . . . . . . . . . . 1 . . . . . . . 2 Alert | -11 -10 -10 -8 -8 -8 -8 -7 -7 -6 -6 -5 -5 -5 -5 -5 -5 -4 -4 -3 -3 -2 -2 -1 ------- Run | Yrd Mat Sub Mat Gar Mat Gar Fac Gar Fac Gar Fac Ext Cet Arc Hub Gar Fac Gar Res Gar Res Gar Acc Maximum Alert Level 4 | . . . . 4 2 2 1 2 1 3 2 2 1 . 1 3 2 1 . 2 2 4 3 Low Security (%) 36 | 100 100 . 100 15 43 9 83 25 58 17 . 23 19 100 83 . 92 48 100 16 22 4 . Level 1 20 | . . . . 8 39 25 16 21 41 8 . 56 80 . 16 31 . 51 . 23 66 31 . Level 2 28 | . . . . 36 17 64 . 53 . 45 100 20 . . . 28 7 . . 59 10 21 60 Level 3 11 | . . . . 26 . . . . . 28 . . . . . 40 . . . . . 20 39 Level 4 2 | . . . . 13 . . . . . . . . . . . . . . . . . 22 . Level 5 . | . . . . . . . . . . . . . . . . . . . . . . . . High Security . | . . . . . . . . . . . . . . . . . . . . . . . . Max Security . | . . . . . . . . . . . . . . . . . . . . . . . . Peak Influence 1257 | 5 160 . 85 1196 583 483 253 654 343 856 559 665 352 73 319 776 407 383 154 581 460 1257 1006 Initial 753 | . . . . 24 583 176 253 23 343 79 449 254 352 73 14 209 407 63 143 80 326 172 753 Average 378 | . 50 . 20 612 268 387 139 422 193 531 490 319 234 48 72 553 118 231 49 399 264 686 690 Influence Increases 12640 | 5 309 . 359 1222 566 307 98 681 154 957 260 993 72 17 448 667 34 532 385 671 762 1375 1766 Destroy 0b10 Robot/C 6155 | . 220 . 200 600 380 180 45 375 75 480 90 480 60 15 90 255 . 330 180 375 390 525 810 Destroy 0b10 Robot/NC 367 | 5 5 . 10 . 35 4 16 4 12 . 40 36 . . 12 . 12 . 20 . 52 8 96 Destroy Leader 830 | . 32 . 72 20 104 10 28 24 26 32 16 40 . . 24 16 . 24 50 32 100 32 148 Allied During Kill 1164 | . . . . 46 . . . . . 19 . 279 10 . 3 2 . 16 . 2 48 432 307 Successful Hack 234 | . 22 . 28 20 . 30 7 8 11 11 . . . . 11 . 22 . 37 11 16 . . Select Force Hacks 38 | . . . . . . . . . . . . . . . 38 . . . . . . . . Disable Machine 309 | . . . . . 45 . . 48 . 12 . 24 . . 36 24 . 12 12 12 24 36 24 Anti-Garrison Action 1359 | . . . . 400 . 50 . 38 . 303 . . . . . 114 . 38 . 113 . 303 . Destroy Structure 1269 | . . . 4 106 2 18 2 52 6 52 18 134 2 2 174 184 . 28 26 18 132 39 270 Partial Spotted 54 | . . . . 30 . . . . . . 12 . . . . . . . . . . . 12 Lose Combat Pursuer 786 | . 30 . 45 . . 15 . 132 24 48 84 . . . 60 72 . 84 60 108 . . 24 Active Sensor Use 75 | . . . . . . . . . . . . . . . . . . . . . . . 75 Influence Decreases 11644 | 5 309 . 321 64 1491 95 548 60 695 214 597 883 517 161 189 190 719 368 533 197 1113 348 2027 Entered New Map 3836 | . . . . 14 613 95 230 10 311 34 407 265 277 111 26 90 369 28 112 27 255 58 504 Time Decay 4048 | 5 289 . 311 . 398 . 318 . 374 . 170 318 70 30 103 . 50 . 421 . 498 . 693 Lost Part 1020 | . 20 . 10 10 30 . . 50 10 120 . 10 10 . 40 . . 270 . 150 70 30 190 Lost Ally 1690 | . . . . 40 . . . . . 60 20 140 160 20 20 100 . 70 . 20 140 260 640 Purge Threat 1050 | . . . . . 450 . . . . . . 150 . . . . 300 . . . 150 . . Squads Dispatched 61 | . 1 . 1 . 5 . 3 . 4 . 3 2 . . 7 . . . 4 . 8 . 23 Investigation 10 | . . . . . 1 . . . 1 . . 1 . . 3 . . . 1 . 1 . 2 Extermination 15 | . . . . . . . 1 . 1 . . . . . 1 . . . 3 . 4 . 5 Reinforcement 24 | . 1 . 1 . 2 . . . 2 . 2 . . . 3 . . . . . 2 . 11 Assault 5 | . . . . . . . 2 . . . 1 1 . . . . . . . . . . 1 Garrison 7 | . . . . . 2 . . . . . . . . . . . . . . . 1 . 4 Intercept . | . . . . . . . . . . . . . . . . . . . . . . . . Searches Triggered . | . . . . . . . . . . . . . . . . . . . . . . . . Construction Impeded 4 | . . . . . . . . . . . . . . . 1 . . . . . . . 3 Haulers Reinforced 6 | . . . . . . . . . 1 . . . . . 1 . . . . . . . 4 Active Scanning Responses 1 | . . . . . . . . . . . . . . . . . . . . . . . 1 Cargo Convoy Interrupts . | . . . . . . . . . . . . . . . . . . . . . . . . Stealth | -11 -10 -10 -8 -8 -8 -8 -7 -7 -6 -6 -5 -5 -5 -5 -5 -5 -4 -4 -3 -3 -2 -2 -1 --------- Run | Yrd Mat Sub Mat Gar Mat Gar Fac Gar Fac Gar Fac Ext Cet Arc Hub Gar Fac Gar Res Gar Res Gar Acc Distress Signals 31 | . 1 . 1 . 1 . 1 1 2 . 2 2 1 . 3 . . . 2 . 6 . 8 Communications Jammed . | . . . . . . . . . . . . . . . . . . . . . . . . Distress Signals . | . . . . . . . . . . . . . . . . . . . . . . . . Times Spotted 599 | . 22 11 20 30 28 10 7 30 9 38 16 29 5 4 26 22 1 43 24 35 48 53 88 Peak Tracking Total 11 | . 5 3 5 4 6 4 3 7 3 8 6 7 4 3 10 11 1 10 7 6 7 6 5 Tactical Retreats 36 | . 1 . 3 . . 1 . 5 1 2 3 . . . 2 3 . 3 3 7 . . 2 Traps | -11 -10 -10 -8 -8 -8 -8 -7 -7 -6 -6 -5 -5 -5 -5 -5 -5 -4 -4 -3 -3 -2 -2 -1 ------- Run | Yrd Mat Sub Mat Gar Mat Gar Fac Gar Fac Gar Fac Ext Cet Arc Hub Gar Fac Gar Res Gar Res Gar Acc Traps Triggered 36 | . 2 1 1 5 1 1 2 5 . 7 . 1 . . . 3 . 2 . 2 . 2 1 Indirectly . | . . . . . . . . . . . . . . . . . . . . . . . . Trap Hack Attempts . | . . . . . . . . . . . . . . . . . . . . . . . . Triggered . | . . . . . . . . . . . . . . . . . . . . . . . . Disarmed . | . . . . . . . . . . . . . . . . . . . . . . . . Reprogrammed . | . . . . . . . . . . . . . . . . . . . . . . . . Reused . | . . . . . . . . . . . . . . . . . . . . . . . . Traps Extracted . | . . . . . . . . . . . . . . . . . . . . . . . . Installed . | . . . . . . . . . . . . . . . . . . . . . . . . Triggered . | . . . . . . . . . . . . . . . . . . . . . . . . Machines | -11 -10 -10 -8 -8 -8 -8 -7 -7 -6 -6 -5 -5 -5 -5 -5 -5 -4 -4 -3 -3 -2 -2 -1 ---------- Run | Yrd Mat Sub Mat Gar Mat Gar Fac Gar Fac Gar Fac Ext Cet Arc Hub Gar Fac Gar Res Gar Res Gar Acc Machines Disabled 48 | . . 1 . 5 3 1 . 5 . 5 . 2 . . 3 4 . 2 1 2 2 10 2 Max in Single Turn 3 | . . 1 . 1 1 1 . 1 . 1 . 2 . . 3 2 . 1 1 1 . 1 1 Garrison Access 4 | . . . . . . . 1 . . . . . . . . . . . . . . . 3 Garrison Relay 21 | . . . . 5 . 1 . 1 . 4 . . . . . 1 . 2 . 1 . 6 . Network Hub 2 | . . . . . . . . . . . . . . . 2 . . . . . . . . Energy Cycler 2 | . . . . . . . . . . . . 2 . . . . . . . . . . . Machines Repaired . | . . . . . . . . . . . . . . . . . . . . . . . . Machines Dismantled . | . . . . . . . . . . . . . . . . . . . . . . . . Machines Sabotaged 1 | . . . . . . . . . . . . . . . 1 . . . . . . . . Overloaded Fab Kills . | . . . . . . . . . . . . . . . . . . . . . . . . Hacking | -11 -10 -10 -8 -8 -8 -8 -7 -7 -6 -6 -5 -5 -5 -5 -5 -5 -4 -4 -3 -3 -2 -2 -1 --------- Run | Yrd Mat Sub Mat Gar Mat Gar Fac Gar Fac Gar Fac Ext Cet Arc Hub Gar Fac Gar Res Gar Res Gar Acc Machines Accessed 68 | . 4 1 8 4 5 2 6 2 6 2 2 2 . . 4 2 4 . 6 1 3 1 3 Terminals 48 | . 3 . 5 4 3 2 5 2 4 2 2 2 . . 3 2 2 . 3 1 2 1 . Fabricators 2 | . . . . . . . . . 1 . . . . . . . . . 1 . . . . Repair Stations 2 | . 1 . 1 . . . . . . . . . . . . . . . . . . . . Recycling Units . | . . . . . . . . . . . . . . . . . . . . . . . . Scanalyzers 4 | . . . 1 . 1 . . . . . . . . . . . 1 . 1 . . . . Garrison Access 11 | . . . 1 . 1 . 1 . 1 . . . . . 1 . 1 . 1 . 1 . 3 Total Hacks 192 | . 11 1 31 6 9 3 14 2 27 5 8 3 . . 9 11 23 . 16 5 4 1 3 Successful 90 | . 6 1 16 3 5 2 6 2 13 1 3 2 . . 3 1 15 . 4 1 2 1 3 Failed 102 | . 5 . 15 3 4 1 8 . 14 4 5 1 . . 6 10 8 . 12 4 2 . . Catastrophic 25 | . 1 . 3 . 1 . . . 3 3 . 1 . . 3 5 . . 2 1 2 . . Database Lockouts . | . . . . . . . . . . . . . . . . . . . . . . . . Manual 85 | . 4 . 19 . 6 . 11 . 11 . 4 2 . . 8 11 6 . 1 . 2 . . Terminals 150 | . 9 . 22 6 7 3 13 2 18 5 8 3 . . 8 11 14 . 12 5 3 1 . Fabricators 9 | . . . . . . . . . 8 . . . . . . . . . 1 . . . . Repair Stations 6 | . 2 . 4 . . . . . . . . . . . . . . . . . . . . Recycling Units . | . . . . . . . . . . . . . . . . . . . . . . . . Scanalyzers 15 | . . . 4 . 1 . . . . . . . . . . . 8 . 2 . . . . Garrison Access 11 | . . . 1 . 1 . 1 . 1 . . . . . 1 . 1 . 1 . 1 . 3 Terminal Hacks 39 | . 5 1 2 3 3 2 1 2 3 1 3 1 . . . 1 8 . . 1 1 1 . Part Schematic 2 | . 1 . . . . . . . 1 . . . . . . . . . . . . . . Robot Analysis 3 | . 1 . . . . . . . . . . . . . . . 2 . . . . . . Prototype ID Bank 5 | . 1 . 1 . . . . . 1 . 1 . . . . . 1 . . . . . . Open Door 3 | . . . . 1 . . . . . . 1 . . . . . . . . . . 1 . Emergency Access Points 4 | . . . . 1 . . . 1 . 1 . . . . . . . . . 1 . . . Garrison Index 1 | . . . . . . . . . . . . . . . . . 1 . . . . . . Unreport Threat 6 | . . . . . 3 . . . . . . 1 . . . . 2 . . . . . . Locate Traps 3 | . 1 . . . . . . . 1 . . . . . . . 1 . . . . . . Patrol Status 1 | . . . . . . . . . . . . . . . . . . . . . 1 . . Assault Status 1 | . . . . . . . 1 . . . . . . . . . . . . . . . . Hauler Manifests 1 | . . . . . . . . . . . . . . . . . 1 . . . . . . Zone Layout 3 | . 1 . 1 . . . . . . . 1 . . . . . . . . . . . . Garrison Registry 2 | . . . . . . 1 . 1 . . . . . . . . . . . . . . . Patrol Navigation 1 | . . . . . . . . . . . . . . . . 1 . . . . . . . Security Stations 2 | . . . . 1 . 1 . . . . . . . . . . . . . . . . . Proto ID Catalog 1 | . . 1 . . . . . . . . . . . . . . . . . . . . . Fabricator Hacks 3 | . . . . . . . . . 2 . . . . . . . . . 1 . . . . Network Status 1 | . . . . . . . . . 1 . . . . . . . . . . . . . . Build 2 | . . . . . . . . . 1 . . . . . . . . . 1 . . . . Repair Station Hacks 5 | . 1 . 4 . . . . . . . . . . . . . . . . . . . . Scan Component 3 | . 1 . 2 . . . . . . . . . . . . . . . . . . . . Repair 2 | . . . 2 . . . . . . . . . . . . . . . . . . . . Recycling Unit Hacks . | . . . . . . . . . . . . . . . . . . . . . . . . Scanalyzer 9 | . . . 3 . 1 . . . . . . . . . . . 4 . 1 . . . . Insert Component 3 | . . . 1 . . . . . . . . . . . . . 2 . . . . . . Analyze 2 | . . . 1 . . . . . . . . . . . . . 1 . . . . . . Retrieve Study 4 | . . . 1 . 1 . . . . . . . . . . . 1 . 1 . . . . Garrison Access Hacks 11 | . . . 1 . 1 . 1 . 1 . . . . . 1 . 1 . 1 . 1 . 3 Unlock Access 8 | . . . 1 . 1 . 1 . 1 . . . . . 1 . 1 . 1 . 1 . . Seal Access 3 | . . . . . . . . . . . . . . . . . . . . . . . 3 Unauthorized Hacks 23 | . . . 6 . . . 4 . 7 . . 1 . . 2 . 2 . 1 . . . . Terminals 21 | . . . 6 . . . 4 . 5 . . 1 . . 2 . 2 . 1 . . . . Track 1 | . . . . . . . 1 . . . . . . . . . . . . . . . . Assimilate 1 | . . . . . . . . . . . . . . . . . 1 . . . . . . Botnet 5 | . . . 1 . . . 1 . 2 . . . . . . . . . 1 . . . . Detonate 1 | . . . . . . . . . . . . . . . 1 . . . . . . . . Operators 1 | . . . . . . . . . 1 . . . . . . . . . . . . . . Skim 11 | . . . 5 . . . 2 . 2 . . 1 . . . . 1 . . . . . . Sabotage 1 | . . . . . . . . . . . . . . . 1 . . . . . . . . Fabricators 2 | . . . . . . . . . 2 . . . . . . . . . . . . . . Report 1 | . . . . . . . . . 1 . . . . . . . . . . . . . . Haulers 1 | . . . . . . . . . 1 . . . . . . . . . . . . . . Repair Stations . | . . . . . . . . . . . . . . . . . . . . . . . . Recycling Units . | . . . . . . . . . . . . . . . . . . . . . . . . Scanalyzers . | . . . . . . . . . . . . . . . . . . . . . . . . Garrison Access . | . . . . . . . . . . . . . . . . . . . . . . . . Data Cores Recovered 1 | . . . . . 1 . . . . . . . . . . . . . . . . . . Used . | . . . . . . . . . . . . . . . . . . . . . . . . Hacking Detections 45 | . 3 . 3 3 4 2 5 1 4 2 . 2 . . 2 2 3 . 5 1 3 . . Full Trace Events 11 | . 1 . . 1 . . . . 1 2 . . . . 2 2 . . 1 . 1 . . Feedback Events 1 | . . . . . . . . . . . . . . . 1 . . . . . . . . Corruption 1 | . . . . . . . . . . . . . . . 1 . . . . . . . . Feedback Blocked . | . . . . . . . . . . . . . . . . . . . . . . . . Robot Schematics Acquired . | . . . . . . . . . . . . . . . . . . . . . . . . Robots Built . | . . . . . . . . . . . . . . . . . . . . . . . . Authchips . | . . . . . . . . . . . . . . . . . . . . . . . . Time . | . . . . . . . . . . . . . . . . . . . . . . . . Total Robot Build Rating . | . . . . . . . . . . . . . . . . . . . . . . . . Part Schematics Acquired 4 | . 1 . 1 . . . . . 1 . . . . . . . 1 . . . . . . Parts Built 2 | . . . . . . . . . . . . . . . . . . . 2 . . . . Authchips . | . . . . . . . . . . . . . . . . . . . . . . . . Time 141 | . . . . . . . . . 95 . . . . . . . . . 46 . . . . Total Part Build Rating 18 | . . . . . . . . . . . . . . . . . . . 18 . . . . Part Studies Acquired 4 | . . . 1 . 1 . . . . . . . . . . . 1 . 1 . . . . Parts Repaired 2 | . . . 2 . . . . . . . . . . . . . . . . . . . . Time 70 | . . . 70 . . . . . . . . . . . . . . . . . . . . Parts Recycled . | . . . . . . . . . . . . . . . . . . . . . . . . Recycled Matter . | . . . . . . . . . . . . . . . . . . . . . . . . Retrieved Matter . | . . . . . . . . . . . . . . . . . . . . . . . . Retrieved Components . | . . . . . . . . . . . . . . . . . . . . . . . . Parts Scanalyzed 2 | . . . 1 . . . . . . . . . . . . . 1 . . . . . . Part Schematics Acquired 2 | . . . 1 . . . . . . . . . . . . . 1 . . . . . . Parts Damaged 2 | . . . 1 . . . . . . . . . . . . . 1 . . . . . . Bothacking | -11 -10 -10 -8 -8 -8 -8 -7 -7 -6 -6 -5 -5 -5 -5 -5 -5 -4 -4 -3 -3 -2 -2 -1 ------------ Run | Yrd Mat Sub Mat Gar Mat Gar Fac Gar Fac Gar Fac Ext Cet Arc Hub Gar Fac Gar Res Gar Res Gar Acc Used RIF Installer 8 | . . . . 1 . 1 . 1 . 1 . . . . . 1 . 1 . 1 . 1 . Coupler Efficiency 1 | . . . . . . . . . . . . . . . . 1 . . . . . . . Command Fork 1 | . . . . . . . . . . . . . . . . . . . . 1 . . . Threat Obfuscator 1 | . . . . . . 1 . . . . . . . . . . . . . . . . . Patrol Navigation 1 | . . . . . . . . . . . . . . . . . . . . . . 1 . Structural Interface 1 | . . . . . . . . . . 1 . . . . . . . . . . . . . Autooverride 1 | . . . . . . . . 1 . . . . . . . . . . . . . . . Autoassimilate 1 | . . . . . . . . . . . . . . . . . . 1 . . . . . Robots Hacked 98 | . . . . . . . . . . 3 1 4 . . 3 6 . 6 . 3 12 25 35 Non-combat 1 | . . . . . . . . . . . . . . . . . . . . . 1 . . Combat 97 | . . . . . . . . . . 3 1 4 . . 3 6 . 6 . 3 11 25 35 Autooverrided 34 | . . . . . . . . . . . 1 4 . . 2 1 . . . 1 5 7 13 Autoassimilated 20 | . . . . . . . . . . . . . . . . . . . . 1 2 7 10 Robot Hacks Applied 47 | . . . . . . . . . . 3 . . . . 1 5 . 6 . 1 6 11 14 purge_threat 1 | . . . . . . . . . . . . . . . . . . . . . 1 . . summon_haulers 1 | . . . . . . . . . . . . . . . . . . . . . 1 . . disrupt_area 1 | . . . . . . . . . . . . . . . . . . 1 . . . . . amplify_resonance 4 | . . . . . . . . . . . . . . . . . . 1 . . . 3 . reboot_system 3 | . . . . . . . . . . . . . . . . . . . . . . 2 1 go_dormant 1 | . . . . . . . . . . . . . . . . . . . . . . . 1 overwrite_iff 13 | . . . . . . . . . . 3 . . . . . 4 . 2 . . 1 . 3 streamctrl_high 2 | . . . . . . . . . . . . . . . 1 . . 1 . . . . . formatsys_high 20 | . . . . . . . . . . . . . . . . 1 . 1 . 1 3 6 8 formatsys_deep 1 | . . . . . . . . . . . . . . . . . . . . . . . 1 Relay Couplers Released 84 | . . . . 20 . 3 2 5 . 14 . . . . . 3 . 8 . 3 . 22 4 Machine Destruction 80 | . . . . 20 . 3 2 5 . 14 . . . . . 3 . 8 . 3 . 22 . Programmers 4 | . . . . . . . . . . . . . . . . . . . . . . . 4 Attached 37 | . . . . . . . . . . 5 2 . . . . 3 . 5 . 7 2 7 6 Fabnet Peak Effective % . | . . . . . . . . . . . . . . . . . . . . . . . . Robots Rewired 24 | . . . . . . . . . . 2 . 16 . . . . . . . . . 6 . Allies Hacked 3 | . . . . . . . . . . . . . . . . . . . . . 1 . 2 Hacks Repelled . | . . . . . . . . . . . . . . . . . . . . . . . . Allies | -11 -10 -10 -8 -8 -8 -8 -7 -7 -6 -6 -5 -5 -5 -5 -5 -5 -4 -4 -3 -3 -2 -2 -1 -------- Run | Yrd Mat Sub Mat Gar Mat Gar Fac Gar Fac Gar Fac Ext Cet Arc Hub Gar Fac Gar Res Gar Res Gar Acc Total Allies 125 | . . . . 2 . . . . . 5 1 20 . . 3 6 1 4 . 3 13 29 38 Largest Group 14 | . . . . 2 . . . . . 2 1 14 11 1 1 2 1 3 . 2 6 12 13 Highest-Rated Group 732 | . . . . 45 . . . . . 76 29 391 298 31 29 58 10 122 . 104 338 571 732 Highest-Rated Ally 219 | . . . . 25 . . . . . 38 29 49 39 31 29 47 10 56 . 64 148 69 219 Total Orders 4 | . . . . . . . . . . . . . 2 . . . . 2 . . . . . STAY 1 | . . . . . . . . . . . . . . . . . . 1 . . . . . FOLLOW 1 | . . . . . . . . . . . . . . . . . . 1 . . . . . AID 2 | . . . . . . . . . . . . . 2 . . . . . . . . . . Ally Attacks 683 | . . . . 11 . . . . . 23 4 120 33 1 21 20 . 21 . 11 99 127 192 Total Damage 19285 | . . . . 340 . . . . . 542 37 2238 693 . 371 423 . 928 . 344 2653 3799 6917 Kills 88 | . . . . 3 . . . . . 2 . 8 4 . 1 2 . 2 . 1 18 21 26 Allies Corrupted 7 | . . . . . . . . . . . . 1 . . . . . 1 . . 2 1 2 Allies Melted 4 | . . . . . . . . . . 1 . 2 . . 1 . . . . . . . . Intel | -11 -10 -10 -8 -8 -8 -8 -7 -7 -6 -6 -5 -5 -5 -5 -5 -5 -4 -4 -3 -3 -2 -2 -1 ------- Run | Yrd Mat Sub Mat Gar Mat Gar Fac Gar Fac Gar Fac Ext Cet Arc Hub Gar Fac Gar Res Gar Res Gar Acc Active Infowar (turns) 9641 | 11 613 988 912 . . 14 . . 849 1671 345 703 147 73 247 260 113 155 884 79 . . 1577 Optics 5475 | . . . 912 . . . . . 849 1671 345 703 147 73 247 260 113 155 . . . . . A.S.S. 141 | . . . . . . . . . . . . . . . . . . . . . . . 141 Terrain 963 | . . . . . . . . . . . . . . . . . . . 884 79 . . . Seismic 1926 | 11 613 988 . . . . . . . . 313 1 . . . . . . . . . . . Cloaking 1436 | . . . . . . . . . . . . . . . . . . . . . . . 1436 Jamming 15 | . . . . . . 14 . . . . 1 . . . . . . . . . . . . ECM 1 | . . . . . . . . . . . . . . . . . 1 . . . . . . Robot Analysis Total 3 | . 1 . . . . . . . . . . . . . . . 2 . . . . . . Derelict Logs Recovered 1 | . . 1 . . . . . . . . . . . . . . . . . . . . . Drone Launches . | . . . . . . . . . . . . . . . . . . . . . . . . Drone Recoveries . | . . . . . . . . . . . . . . . . . . . . . . . . Exploration | -11 -10 -10 -8 -8 -8 -8 -7 -7 -6 -6 -5 -5 -5 -5 -5 -5 -4 -4 -3 -3 -2 -2 -1 ------------- Run | Yrd Mat Sub Mat Gar Mat Gar Fac Gar Fac Gar Fac Ext Cet Arc Hub Gar Fac Gar Res Gar Res Gar Acc Turns Passed 23214 | 95 911 2775 1494 1393 950 345 709 1097 878 1671 345 703 147 73 247 280 113 721 1102 1440 1338 1546 2841 Spaces Moved 13266 | 50 454 1411 529 760 603 244 495 605 419 579 567 746 101 58 422 396 192 680 499 470 573 863 1550 Core 14 | 7 . . . . . . . . . 1 . . . . . . . 6 . . . . . Treads 4660 | 43 428 1411 529 180 . . . . . 444 . . . . . . . 116 336 470 573 130 . Legs 5375 | . . . . 580 603 244 495 605 419 134 . . . . . . . 12 . . . 733 1550 Wheels 26 | . 26 . . . . . . . . . . . . . . . . . . . . . . Hover 177 | . . . . . . . . . . . . . . . . . . 89 88 . . . . Flight 3014 | . . . . . . . . . . . 567 746 101 58 422 396 192 457 75 . . . . Fastest Speed 27 | 50 100 160 160 105 105 105 105 105 185 160 40 40 40 40 40 40 37 27 35 165 163 124 124 Average Speed 132 | 144 156 174 232 141 107 105 125 138 185 226 40 40 40 40 40 40 38 61 160 202 179 137 138 Slowest Speed 1350 | 160 160 240 240 240 113 105 181 185 185 1350 40 80 40 40 40 80 40 152 270 260 250 400 210 Overloaded Moves . | . . . . . . . . . . . . . . . . . . . . . . . . Propulsion Burnouts . | . . . . . . . . . . . . . . . . . . . . . . . . Robots Hopped 9 | . . . . . . . . . . . . . . . 8 . . 1 . . . . . Potential Cave-ins . | . . . . . . . . . . . . . . . . . . . . . . . . Cave-ins Triggered . | . . . . . . . . . . . . . . . . . . . . . . . . Exploration Rate (%) 49 | 5 79 56 44 96 48 36 19 66 16 72 17 90 57 79 57 66 6 52 12 56 22 89 50 Regions Visited 23 Branch Regions 5 Pre-discovered Areas . | . . . . . . . . . . . . . . . . . . . . . . . . Known Exits Taken 8 | . . . 1 . 1 . 1 . 1 . . . . . 1 . 1 . 1 . 1 . . Unknown Exits Taken 7 | 1 1 1 . . . . . . . . 1 1 1 1 . . . . . . . . . Scrap Searched 2 | . . 2 . . . . . . . . . . . . . . . . . . . . . Spaces Dug 94 | . . . 3 1 2 . 2 18 3 . 9 . . 1 6 35 . . 2 . 3 . 9 Terrain Destroyed 696 | . . . 3 1 2 1 2 31 8 27 9 177 . 1 174 135 . 6 13 2 14 5 85 Melee 37 | . . . 3 1 2 . 2 . 3 . 9 . . 1 6 . . . 1 . 3 . 6 Projectile 121 | . . . . . . 1 . 1 5 2 . . . . . . . 6 12 2 11 5 76 AOE 537 | . . . . . . . . 30 . 24 . 177 . . 168 135 . . . . . . 3 Terrain Rammed . | . . . . . . . . . . . . . . . . . . . . . . . . Walls Destroyed . | . . . . . . . . . . . . . . . . . . . . . . . . Machines Disabled . | . . . . . . . . . . . . . . . . . . . . . . . . Actions | -11 -10 -10 -8 -8 -8 -8 -7 -7 -6 -6 -5 -5 -5 -5 -5 -5 -4 -4 -3 -3 -2 -2 -1 --------- Run | Yrd Mat Sub Mat Gar Mat Gar Fac Gar Fac Gar Fac Ext Cet Arc Hub Gar Fac Gar Res Gar Res Gar Acc Total 16945 | 67 597 1583 725 924 778 288 557 764 486 781 665 1095 199 97 466 486 223 891 672 745 747 1115 1994 Wait 1189 | . 78 61 90 39 55 3 24 59 18 20 17 217 80 23 14 12 15 30 50 73 22 65 124 Move 13226 | 49 453 1410 529 758 603 242 495 603 419 577 566 745 100 57 408 394 192 676 499 468 573 861 1549 Hop 7 | . . . . . . . . . . . . . . . 6 . . 1 . . . . . Pick Up 201 | 9 10 12 20 7 10 1 5 2 3 12 2 1 1 . 1 . 3 3 20 27 8 21 23 Fast Attach 207 | 4 7 3 12 2 7 2 3 5 5 13 6 1 1 . 1 3 4 32 18 23 21 11 23 Attach 138 | 2 2 4 8 6 6 1 3 3 3 12 8 8 . . 3 4 . 7 7 14 6 9 22 Detach 50 | . . 1 . 2 1 1 . 1 . 1 2 7 . . 3 3 . 10 4 2 5 4 3 Swap 128 | . 1 15 6 18 9 7 2 8 2 10 2 4 . . . . 2 4 1 7 3 12 15 Drop 252 | 1 12 4 25 10 14 2 6 6 5 8 15 2 2 . 2 . 3 23 5 27 17 27 36 Fire 959 | 2 29 39 32 46 65 28 16 62 22 91 . 45 . . 5 23 . 34 37 81 83 52 167 Melee 450 | . . 34 3 29 2 1 2 5 8 9 47 50 15 17 23 11 4 54 31 23 6 48 28 Ram . | . . . . . . . . . . . . . . . . . . . . . . . . Kick 12 | . . . . . 6 . 1 . 1 . . . . . . . . . . . . . 4 Crush 10 | . 5 . . . . . . . . . . . . . . . . 2 . . 3 . . Escape Stasis 102 | . . . . 7 . . . 10 . 14 . 15 . . . 36 . 15 . . . 5 . Rewire 14 | . . . . . . . . . . 14 . . . . . . . . . . . . . Trap . | . . . . . . . . . . . . . . . . . . . . . . . . Miscellaneous . | . . . . . . . . . . . . . . . . . . . . . . . . Route ------- -11/Scrapyard -10/Materials (discovered 6 exits: [*Mat x3] / [*Min x2] / *Sub) -10/Subcaves -8/Materials (discovered 3 exits: *Fac / [*Sto] / Gar) -8/Garrison (discovered 3 exits: *Mat x3) -8/Materials (discovered 3 exits: *Fac / [*Sto] / Gar) -8/Garrison (discovered 3 exits: *Fac x3) -7/Factory -7/Garrison (discovered 3 exits: *Fac x3) -6/Factory (discovered 3 exits: *Fac / [*Low] / Gar) -6/Garrison (discovered 2 exits: *Fac x2) -5/Factory -5/Extension (discovered 3 exits: *Fac x2 / [*Cet]) -5/Cetus -5/Archives (discovered 2 exits: *Hub x2) -5/Hub_04(d) (discovered 2 exits: *Fac / Gar) -5/Garrison (discovered 3 exits: *Fac x3) -4/Factory -4/Garrison -3/Research -3/Garrison -2/Research -2/Garrison (discovered 3 exits: *Acc x3) -1/Access To Epsilon Eridani History --------- Turn | Location | Event 6 | -11/Scrapyard | Discovered new exit (range 16) 96 | -11/Scrapyard | Entered Materials 308 | -10/Materials | Build established: Mutant 361 | -10/Materials | Discovered new exit (range 8) 439 | -10/Materials | Discovered new exit (range 7) 513 | -10/Materials | Discovered new exit (range 8) 713 | -10/Materials | Discovered new exit (range 16) 925 | -10/Materials | Discovered new exit (range 12) 982 | -10/Materials | Discovered new exit (range 3) 1007 | -10/Materials | Entered Subcaves 1102 | -10/Subcaves | Lost 4 parts (1p1n1u1w) 1150 | -10/Subcaves | Learned Materials terminal intel 1560 | -10/Subcaves | Shifting Twisted Machinery released Mak. Hacking Suite 1635 | -10/Subcaves | Core integrity fell below 50% 1984 | -10/Subcaves | Shifting Twisted Machinery released Battle Rifle 2545 | -10/Subcaves | Discovered new exit (range 11) 2635 | -10/Subcaves | Visited 4L-MR0's lab 3119 | -10/Subcaves | A Subdweller sparked back to life 3119 | -10/Subcaves | A Subdweller sparked back to life 3119 | -10/Subcaves | A Subdweller sparked back to life 3165 | -10/Subcaves | Found Arachnoskeleton 3436 | -10/Subcaves | Build established: Scavenger-Mutant 3666 | -10/Subcaves | Found Flightbrick 3782 | -10/Subcaves | Entered Materials 3782 | -8/Materials | Evolved 4 slots: Propulsion x1, Utility x2, Weapon x1 3783 | -8/Materials | Loaded intel: 12 terminal locations 3845 | -8/Materials | Discovered new exit (range 14) 3991 | -8/Materials | Repaired Lgt. Treads 4037 | -8/Materials | Repaired Mak. Light Armor Plating 4115 | -8/Materials | Build established: Scavenger-Tank 4493 | -8/Materials | Discovered new exit (range 20) 5103 | -8/Materials | Build established: Scavenger-Mutant 5276 | -8/Materials | Identified exit to Garrison 5276 | -8/Materials | Entered Garrison 5290 | -8/Garrison | Rescued a captive Derelict 5291 | -8/Garrison | Rescued a captive Derelict 5425 | -8/Garrison | Build established: Scavenger-Tank 5432 | -8/Garrison | Triggered checkpoint 5506 | -8/Garrison | Garrison Relay disabled 5629 | -8/Garrison | Destroyed 8 combat bots 5791 | -8/Garrison | Attached Arachnoskeleton, gained temporary slots: Propulsion x3 5984 | -8/Garrison | Discovered new exit (range 9) 6024 | -8/Garrison | Garrison Relay disabled 6040 | -8/Garrison | Triggered checkpoint 6057 | -8/Garrison | Garrison Relay disabled 6106 | -8/Garrison | Triggered checkpoint 6156 | -8/Garrison | Triggered checkpoint 6376 | -8/Garrison | Discovered new exit (range 10) 6432 | -8/Garrison | Triggered checkpoint 6475 | -8/Garrison | Garrison Relay disabled 6577 | -8/Garrison | Garrison Relay disabled 6609 | -8/Garrison | Discovered new exit (range 12) 6616 | -8/Garrison | Learned Materials security intel 6627 | -8/Garrison | Build established: Mutant 6649 | -8/Garrison | Installed Relay Interface Framework 6669 | -8/Garrison | Entered Materials 6669 | -8/Materials | Discovered new exit (range 7) 7453 | -8/Materials | Garrison activated, responded to threat 7477 | -8/Materials | Build established: Tank 7479 | -8/Materials | Destroyed 7 combat bots 7517 | -8/Materials | Discovered new exit (range 3) 7619 | -8/Materials | Identified exit to Garrison 7619 | -8/Materials | Entered Garrison 7633 | -8/Garrison | Triggered checkpoint 7657 | -8/Garrison | Learned Factory security intel 7687 | -8/Garrison | Garrison Relay disabled 7702 | -8/Garrison | Discovered new exit (range 65) 7702 | -8/Garrison | Discovered new exit (range 33) 7702 | -8/Garrison | Discovered new exit (range 60) 7799 | -8/Garrison | Triggered checkpoint 7892 | -8/Garrison | Expanded RIF knowledge: Threat Obfuscation 7964 | -8/Garrison | Entered Factory 7964 | -7/Factory | Evolved 2 slots: Power x1, Utility x1 8673 | -7/Factory | Identified exit to Garrison 8673 | -7/Factory | Entered Garrison 8723 | -7/Garrison | Triggered checkpoint 8781 | -7/Garrison | Garrison Relay disabled 9019 | -7/Garrison | Triggered checkpoint 9096 | -7/Garrison | Discovered new exit (range 8) 9138 | -7/Garrison | Heavy support dispatched to Factory 9143 | -7/Garrison | Triggered checkpoint 9218 | -7/Garrison | Triggered checkpoint 9311 | -7/Garrison | Triggered checkpoint 9387 | -7/Garrison | Discovered new exit (range 9) 9430 | -7/Garrison | Discovered new exit (range 11) 9430 | -7/Garrison | Discovered new exit (range 34) 9430 | -7/Garrison | Discovered new exit (range 74) 9475 | -7/Garrison | H-XX Assembler disabled 9742 | -7/Garrison | Expanded RIF knowledge: Autooverride 9770 | -7/Garrison | Entered Factory 9770 | -6/Factory | Evolved 2 slots: Utility x2 10049 | -6/Factory | Discovered new exit (range 10) 10186 | -6/Factory | Discovered new exit (range 9) 10648 | -6/Factory | Identified exit to Garrison 10648 | -6/Factory | Entered Garrison 10738 | -6/Garrison | Triggered checkpoint 10786 | -6/Garrison | Garrison Relay disabled 10921 | -6/Garrison | Spotted B-75 Beast 10973 | -6/Garrison | Destroyed B-75 Beast 11070 | -6/Garrison | Triggered checkpoint 11083 | -6/Garrison | Triggered checkpoint 11127 | -6/Garrison | Destroyed 9 combat bots 11262 | -6/Garrison | Triggered checkpoint 11300 | -6/Garrison | Garrison Relay disabled 11512 | -6/Garrison | Triggered checkpoint 11619 | -6/Garrison | Spotted Striker 11642 | -6/Garrison | Build established: Bothacker-Mutant 11672 | -6/Garrison | Discovered new exit (range 12) 11678 | -6/Garrison | Triggered checkpoint 11710 | -6/Garrison | Expanded RIF knowledge: Structural Interface 11788 | -6/Garrison | Triggered checkpoint 11871 | -6/Garrison | Garrison Relay disabled 12004 | -6/Garrison | Triggered checkpoint 12152 | -6/Garrison | Triggered checkpoint 12202 | -6/Garrison | Lost 5 parts (1p2n2u) 12224 | -6/Garrison | Spotted B-90 Cyclops 12234 | -6/Garrison | Garrison Relay disabled 12287 | -6/Garrison | Discovered new exit (range 10) 12319 | -6/Garrison | Entered Factory 12319 | -5/Factory | Evolved 2 slots: Propulsion x1, Utility x1 12321 | -5/Factory | Attached Flightbrick, gained temporary slots: Utility x3 12619 | -5/Factory | First assault squad dispatched 12663 | -5/Factory | Discovered new exit (range 5) 12664 | -5/Factory | Entered Extension 12706 | -5/Extension | Energy Cycler disabled 12707 | -5/Extension | Rescued a captive Derelict 12707 | -5/Extension | Rescued a captive Derelict 12707 | -5/Extension | Rescued a captive Derelict 12708 | -5/Extension | Rescued a captive Derelict 12824 | -5/Extension | Spotted B-75 Beast 13086 | -5/Extension | Spotted B-75 Beast 13086 | -5/Extension | Allies destroyed B-75 Beast 13091 | -5/Extension | Destroyed 7 combat bots 13091 | -5/Extension | Discovered new exit (range 14) 13111 | -5/Extension | Allies destroyed B-75 Beast 13123 | -5/Extension | Lost 4 allies 13146 | -5/Extension | Extracted ID and sensor layout for unrecognized location from A7's data core 13214 | -5/Extension | Disrupted transfer network 13264 | -5/Extension | First assault squad dispatched 13317 | -5/Extension | Discovered new exit (range 16) 13319 | -5/Extension | Discovered new exit (range 9) 13337 | -5/Extension | Lost 3 allies 13367 | -5/Extension | Entered Cetus 13367 | -5/Cetus | Accompanied by 11 allies 13370 | -5/Cetus | Spotted Cetus Guard 13370 | -5/Cetus | Spotted Cetus Guard 13385 | -5/Cetus | Spotted Cetus Guard 13390 | -5/Cetus | Spotted Cetus Guard 13399 | -5/Cetus | Allies destroyed Cetus Guard 13409 | -5/Cetus | Allies destroyed Cetus Guard 13415 | -5/Cetus | Destroyed Cetus Guard 13427 | -5/Cetus | Destroyed Cetus Guard 13434 | -5/Cetus | Lost 10 allies 13450 | -5/Cetus | Discovered new exit (range 22) 13514 | -5/Cetus | Entered Archives 13514 | -5/Archives | Accompanied by 1 ally 13577 | -5/Archives | Discovered new exit (range 13) 13578 | -5/Archives | Discovered new exit (range 22) 13587 | -5/Archives | Entered Hub_04(d) 13678 | -5/Hub_04(d) | Discovered new exit (range 15) 13794 | -5/Hub_04(d) | Network Hub disabled 13822 | -5/Hub_04(d) | Spotted Lightning 13822 | -5/Hub_04(d) | Spotted Lightning 13822 | -5/Hub_04(d) | Spotted Lightning 13822 | -5/Hub_04(d) | Network Hub disabled 13833 | -5/Hub_04(d) | Identified exit to Garrison 13834 | -5/Hub_04(d) | Entered Garrison 13842 | -5/Garrison | Expanded RIF knowledge: Coupler Efficiency 13853 | -5/Garrison | Garrison Relay disabled 13854 | -5/Garrison | Lost 4 parts (4u) 13949 | -5/Garrison | Triggered checkpoint 13949 | -5/Garrison | Triggered checkpoint 13951 | -5/Garrison | Triggered checkpoint 13979 | -5/Garrison | Discovered new exit (range 10) 13982 | -5/Garrison | Destroyed 12 combat bots 14014 | -5/Garrison | Triggered checkpoint 14049 | -5/Garrison | Discovered new exit (range 9) 14063 | -5/Garrison | Lost 4 allies 14100 | -5/Garrison | Discovered new exit (range 12) 14110 | -5/Garrison | Spotted Executioner 14110 | -5/Garrison | Spotted Executioner 14114 | -5/Garrison | Entered Factory 14114 | -4/Factory | Evolved 2 slots: Propulsion x1, Utility x1 14227 | -4/Factory | Identified exit to Garrison 14227 | -4/Factory | Entered Garrison 14227 | -4/Garrison | Accompanied by 1 ally 14239 | -4/Garrison | Triggered checkpoint 14273 | -4/Garrison | Garrison Relay disabled 14322 | -4/Garrison | Spotted B-86 Titan 14575 | -4/Garrison | Triggered checkpoint 14603 | -4/Garrison | Destroyed B-86 Titan 14676 | -4/Garrison | Destroyed 7 combat bots 14685 | -4/Garrison | Triggered checkpoint 14691 | -4/Garrison | Lost 8 parts (1p2n4u1w) 14763 | -4/Garrison | Discovered new exit (range 10) 14769 | -4/Garrison | Triggered checkpoint 14772 | -4/Garrison | Garrison Relay disabled 14787 | -4/Garrison | Triggered checkpoint 14851 | -4/Garrison | Core integrity fell below 50% 14904 | -4/Garrison | Core integrity fell below 20% 14923 | -4/Garrison | Expanded RIF knowledge: Autoassimilate 14942 | -4/Garrison | Lost 19 parts (2p8n8u1w) 14948 | -4/Garrison | Entered Research 14948 | -3/Research | Evolved 2 slots: Utility x2 15128 | -3/Research | Build established: Mutant 15362 | -3/Research | Fabricated Enh. Hardcell Cannon (x2) 15582 | -3/Research | System corruption reached 10% 16050 | -3/Research | Identified exit to Garrison 16050 | -3/Research | Entered Garrison 16260 | -3/Garrison | Spotted B-86 Titan 16396 | -3/Garrison | Triggered checkpoint 16485 | -3/Garrison | Garrison Relay disabled 16843 | -3/Garrison | Destroyed B-86 Titan 16913 | -3/Garrison | Triggered checkpoint 16949 | -3/Garrison | Build established: Botlord-Tank 17088 | -3/Garrison | Lost 6 parts (1p2n2u1w) 17151 | -3/Garrison | Spotted Striker 17233 | -3/Garrison | Lost 3 parts (2p1w) 17279 | -3/Garrison | Expanded RIF knowledge: Command Fork 17465 | -3/Garrison | Discovered new exit (range 5) 17469 | -3/Garrison | Build established: Botlord-Mutant 17490 | -3/Garrison | Entered Research 17490 | -2/Research | Accompanied by 2 allies 17490 | -2/Research | Evolved 2 slots: Propulsion x1, Utility x1 18219 | -2/Research | System corruption reached 10% 18247 | -2/Research | Spotted B-90 Cyclops 18285 | -2/Research | Assimilated Cyclops 9a with formatsys_high 18472 | -2/Research | Found Prototype Device 18472 | -2/Research | Identified Exp. EM Shield 18779 | -2/Research | Garrison activated, responded to threat 18802 | -2/Research | P-80 Master assimilated allied Enforcer 9c 18828 | -2/Research | Identified exit to Garrison 18828 | -2/Research | Entered Garrison 18828 | -2/Garrison | Spotted B-86 Titan 18844 | -2/Garrison | Lost 3 allies 18895 | -2/Garrison | Garrison Relay disabled 18918 | -2/Garrison | Triggered checkpoint 18994 | -2/Garrison | H-XX Assembler disabled 19162 | -2/Garrison | Spotted B-90 Cyclops 19183 | -2/Garrison | Destroyed B-90 Cyclops 19232 | -2/Garrison | Triggered checkpoint 19279 | -2/Garrison | Discovered new exit (range 7) 19309 | -2/Garrison | Triggered checkpoint 19314 | -2/Garrison | Rescued a captive Derelict 19445 | -2/Garrison | Garrison Relay disabled 19657 | -2/Garrison | Triggered checkpoint 19706 | -2/Garrison | Triggered checkpoint 19743 | -2/Garrison | Discovered new exit (range 13) 19746 | -2/Garrison | Lost 5 allies 19793 | -2/Garrison | Spotted Executioner 19793 | -2/Garrison | Spotted Executioner 19808 | -2/Garrison | Destroyed Executioner 19811 | -2/Garrison | Destroyed Executioner 19827 | -2/Garrison | Found Prototype Processor 19827 | -2/Garrison | Identified Exp. Core Analyzer 19850 | -2/Garrison | Triggered checkpoint 19869 | -2/Garrison | Garrison Relay disabled 19876 | -2/Garrison | Garrison Relay disabled 19954 | -2/Garrison | Garrison Relay disabled 20048 | -2/Garrison | Triggered checkpoint 20080 | -2/Garrison | Garrison Relay disabled 20096 | -2/Garrison | Triggered checkpoint 20113 | -2/Garrison | Discovered new exit (range 10) 20142 | -2/Garrison | Expanded RIF knowledge: Patrol Navigation 20240 | -2/Garrison | Triggered checkpoint 20374 | -2/Garrison | Entered Access 20374 | -1/Access | Accompanied by 10 allies 20374 | -1/Access | Evolved 2 slots: Utility x1, Weapon x1 20452 | -1/Access | Garrison activated, responded to threat 20508 | -1/Access | Lost 5 allies 20585 | -1/Access | Found Prototype Device 20585 | -1/Access | Identified Exp. Shield Generator 20594 | -1/Access | Found Faulty Exp. Shield Generator 20597 | -1/Access | Found Exp. Shield Generator 20602 | -1/Access | Found Exp. Shield Generator 20742 | -1/Access | Lost 7 allies 20971 | -1/Access | P-80 Master assimilated allied Swordsman 10a 21257 | -1/Access | Found Gamma Bomb Array 21778 | -1/Access | System corruption reached 10% 21796 | -1/Access | Lost 3 allies 21874 | -1/Access | First assault squad dispatched 22046 | -1/Access | Assimilated Heavy ARC 10a with formatsys_deep 22220 | -1/Access | Garrison activated, responded to threat 22269 | -1/Access | Lost 6 allies 22586 | -1/Access | Lost 4 parts (2n2w) 22686 | -1/Access | Spotted B-99 Colossus 22883 | -1/Access | Spotted B-99 Colossus 23074 | -1/Access | Lost 5 parts (1p2n1u1w) 23074 | -1/Access | Found Corrupted Prototype Device 23074 | -1/Access | Identified Active Sensor Suite 23162 | -1/Access | Spotted B-99 Colossus 23174 | -1/Access | Spotted B-99 Colossus 23196 | -1/Access | Lost 4 parts (2p2w) 23207 | -1/Access | Discovered new exit (range 5) 23213 | -1/Access | Identified exit to Surface 23215 | *** | Escaped! Last Messages --------------- 23192_ K-01 Serf collects debris. 23192_ System corrupted: Enh. Hardcell Cannon jammed. 23193_ Slug penetrates B-99 Colossus. 23195_ Penetrated by Slug. 23196_ Acquired 3 matter. 23196_ Slug penetrates B-99 Colossus. 23197_ K-01 Serf collects debris. 23198_ B-99 Colossus exits siege mode. 23198_ Penetrated by Slug. 23198_ Centrium Leg destroyed. 23198_ Penetrated by Slug. 23198_ Slug penetrates Sealed Heavy Doors. 23201_ System corrupted: Energy discharge (-51). 23201_ K-01 Serf collects debris. 23202_ Penetrated by Slug. 23202_ Slug penetrates Sealed Barrier. 23202_ Hvy. Shield Leg destroyed. 23207_ Main Access Shell breached. 23207_ EXIT=FOUND 23213_ EXIT=IDENTIFIED: SURFACE Map ----- +----------------------------------------------------+ | ?????????????????????????????????????????????????? | | ?????????????????????????????????????????????????? | | ?????????????????????????????????????????????????? | | ?????????????????????????????????????????????????? | | ?????????????????????????????????????????????????? | | ?????????????????????????????????????????????????? | | ?????????????????????????????????????????????????? | | ?????????????????????????????????????????????????? | | ?????????????????????????????????????????????????? | | ?????????????????????????????????????????????????? | | ?????????????????????????????????????????????????? | | ??????????????????????w??????????????????????????? | | ?????????????????????????????????????????????????? | | ???? ???????????????????????????????????????????? | | ??#=! ??????????????????????????????????????????? | | ??#%% %??????????????????????????????????????????? | | ?"%| #?????????????????????????????????????????? | | # #?????????????????????????????????????????? | | # % #?????????????????????????????????????????? | | # % #?????????????????????????????????????????? | | " #?#########??##########"??????????????????? | | " #?# %% """" "??????????????????? | | " ### m %% "??????????????????? | | ##" ### %BB"""" """""" "??????????????????? | | u * % %BB"??" "?????????????????????? | | % "??" " "@ "?????????????????????? | | % k "??" " "" "?????????????????????? | | "??" " "?????????????????????? | | #"# """ BB "??" """"""?????????????????????? | | ??# % "## % BB "??" ??????????????????????????? | | ### ### % "??" ??????????????????????????? | | %#?#########??###??????????????????????????? | | #?????????????????????????????????????????? | | #?????????????Y???????????????????????????? | | #?????????????????????????????????????????? | | ### #?????????????????????????????????????????? | | ??# #?????????????????????????????????????????? | | ??# ########??????????????????????????????????? | | ??# #??????????????????????????????????? | | ??+ #??????????????????????????????????? | | ??# +??????????????????????????????????? | | ??# #??????????????????????????????????? | | ?# ######+#??????????????????????????????????? | | ?# #?????????????????????????????????????????? | | # #?????????????????????????????????????????? | | # +?????????????????????????????????????????? | | + #?????????????????????????????????????????? | | # #?????????????????????????????????????????? | | # #?????????????????????????????????????????? | | ?# #?????????????????????????????????????????? | +----------------------------------------------------+ Best States ------------- Heat Dissipation 115 Coolant Potential 200 Energy Generation 45 Energy Capacity 790 Matter Stores 300 Matter Capacity 300 Sight Range 22 Robot Scan Range 20 Terrain Scan Range 20 Terrain Scan Density 10 ECM Strength 2 Jamming Range 12 Cloak Strength 3 Armor Coverage 1200 Resistance: TH 25 Resistance: EM 75 Power Shielding 66 Propulsion Shielding 66 Utility Shielding 66 Point Defense Rating 160 Weapon Cycling 25 Melee Speed Boost 40 Evasion (%) 72 Target Analysis 8 Core Analysis 8 Recoil Reduction 6 Offensive Hacking 20 Defensive Hacking 10 Relay Coupler Types 6 Relay Coupler Value 298 Item Schematics ----------------- Transport Network Coupler | -10/Materials | Hacked Aerolev Unit | -8/Materials | Scanalyzed Imp. Utility Shielding | -6/Factory | Hacked Diametric Drive | -4/Factory | Scanalyzed Robot Schematics ------------------ None Fabricated ------------ Enh. Hardcell Cannon | x2 | -3/Research | Preloaded Repaired ---------- Lgt. Treads | 21% | -8/Materials Mak. Light Armor Plating | 55% | -8/Materials Studied --------- Carbon-fiber Leg | -8/Materials | Hacked Hvy. Assault Rifle | -8/Materials | Hacked Smartbomb Launcher | -4/Factory | Hacked Cmb. Linear Gravjet | -3/Research | Hacked Alien Tech Used ----------------- None Achievements -------------- Botjacking Deep Understanding Explosive Keycard Fancy Inventory Oppo Buddy Physics Protects Plot Armor Satisfying Some Acronyms Are Better Than Others Versatile Challenges ------------ None Game ------ Seed LightTowerProtection Manual? 0 Play Time 03:11:00 Cumulative 826.6 hours Start 2025.11.11 @ 22:06:35 End 2025.11.13 @ 00:05:41 Sessions 13 Manual Loads 0 Difficulty Rogue Special Mode None Game No. 827 Rogue 827 Adventurer 0 Explorer 0 Win Type 0 Total 40 Types 15/4/11/2/0/0/5/2/1/0 Lore% 96 Gallery% 86 Achievement% 62 Wizard Run 0 Options --------- Layout 0 ASCII 0 Keyboard 0 Movement Numpad Keybinds 0 Fullscreen 1 Font 18/Smallcaps Map View 76x50 Zoom Use 0% Tactical HUD 1 Map Filters NONE Filters NONE Steam 1 RUN: d08715f5-5966-4f63-8859-6e56d7334241